 Dungeon Crawl Stone Soup version 0.25.1-8-g42b30a86e7 (webtiles) character file.

Game seed: 8546870899741630268

23 Clowwww the Magician (level 2, -2/17 HPs)
             Began as an Octopode Wizard on Dec 12, 2020.
             Slain by a worm (8 damage)
             ... on level 2 of the Dungeon.
             The game lasted 00:02:02 (1372 turns).

Clowwww the Magician (Octopode Wizard)              Turns: 1372, Time: 00:02:03

Health: -2/17      AC:  1    Str:  6    XL:     2   Next: 95%
Magic:  1/6        EV: 13    Int: 20    God:
Gold:   36         SH:  0    Dex: 10    Spells: 7/8 levels left

rFire    . . .     SeeInvis .   (no weapon)
rCold    . . .     Gourm    .   (no shield)
rNeg     . . .     Faith    .   a - +0 hat
rPois    +         Spirit   .   (no amulet)
rElec    .         Reflect  .   e - ring of poison resistance
rCorr    .         Harm     .   (no ring)
MR       .....                  (no ring)
Stlth    +++.......             (no ring)
HPRegen  0.05/turn              (no ring)
MPRegen  0.10/turn              (no ring)
                                (no ring)
                                (no ring)

@: no status effects
A: almost no armour, stealthy swim, amphibious, 8 rings, constrict 8, camouflage
1, gelatinous body 1
a: no special abilities


You were on level 2 of the Dungeon.
You were very hungry.

You visited 1 branch of the dungeon, and saw 2 of its levels.

You collected 36 gold pieces.

Inventory:

Armour
 a - a +0 hat (worn)
Jewellery
 e - a ring of poison resistance (left tentacle)
Scrolls
 d - 3 scrolls of remove curse {unknown}
Potions
 b - a potion of brilliance {unknown}
 f - a potion of flight {unknown}
Comestibles
 c - 3 rations


   Skills:
 + Level 2.2 Dodging
 + Level 2.6 Stealth
 + Level 3.7 Spellcasting
 + Level 1.0 Conjurations
   Level 1.0 Summonings
   Level 1.0 Translocations


You had 7 spell levels left.
You knew the following spells:

 Your Spells              Type           Power        Failure   Level  Hunger
a - Magic Dart            Conj           #...         9%          1    None

Your spell library contained the following spells:

 Spells                   Type           Power        Failure   Level  Hunger
 Blink                    Tloc           N/A          13%         2    ##.....
 Call Imp                 Summ           #.......     13%         2    ##.....
 Slow                     Hex            #.......     21%         2    ##.....
 Conjure Flame            Conj/Fire      #.......     32%         3    ###....
 Mephitic Cloud           Conj/Pois/Air  #.......     34%         3    ###....


Dungeon Overview and Level Annotations

Branches:
Dungeon (2/15)

Altars:


Innate Abilities, Weirdness & Mutations

You cannot wear most types of armour.
You are very stealthy in the water. (Stealth+)
You are amphibious.
You can wear up to eight rings at the same time.
You can use your tentacles to constrict eight enemies at once.
Your skin changes colour to match your surroundings (Stealth+).
Your rubbery body absorbs attacks. (AC +1, EV +1)


Message History

You see here 4 stones.
Found a leather armour.
Found a ration.
Casting: Magic Dart (safe; 9% risk of failure)
Confirm with . or Enter, or press ? or * to list all spells.
Aiming: Magic Dart (safe; 9% risk of failure)
Press: ? - help, Shift-Dir - straight line, f/p - worm
Aim: a worm (moderately wounded)
The magic dart hits the worm.
The worm is moderately wounded.
Your magical contamination has completely faded away.
Casting: Magic Dart (safe; 9% risk of failure)
Confirm with . or Enter, or press ? or * to list all spells.
Aiming: Magic Dart (safe; 9% risk of failure)
Press: ? - help, Shift-Dir - straight line, f/p - worm
Aim: a worm (moderately wounded)
The magic dart hits the worm.
The worm is heavily wounded.
The worm bites you!
You die...

#.####[.# #
#....#..#
#.##.......#
###.#.......#
#..%........#
.....#.......#
### ##....###
#.w..# #@#.##
#.#<# ##
###.#.# .
#...#.#
#.#...(.#
####.#..####
(......(..#
####.#..#.#
#.#..#.#


You could see a worm.

Vanquished Creatures
  An adder (D:2)
  A leopard gecko (D:1)
  A giant cockroach (D:2)
  2 goblins (D:1)
  2 hobgoblins (D:1)
  3 kobolds
  A frilled lizard (D:1)
11 creatures vanquished.

Notes
Turn   | Place    | Note
-------+----------+-------------------------------------------
     0 | D:1      | Clowwww the Octopode Wizard began the quest for the Orb.
     0 | D:1      | Reached XP level 1. HP: 11/11 MP: 4/4
   678 | D:1      | Reached XP level 2. HP: 15/17 MP: 0/6
  1372 | D:2      | Slain by a worm

Illustrated notes

Levels and vault maps discovered:
D:1:      elethiomel_arrival_maze, layout_basic, minmay_statues_item,
          minmay_pentomino_s2
D:2:      minmay_chambers_of_twos, layout_loops_ring, first_ration,
          nicolae_underground_beach

Action                   || total
-------------------------++-------
Melee: Unarmed           ||    23
       Constrict         ||     4
       Tentacles         ||     1
 Cast: Magic Dart        ||    35
Armor: Skin              ||     3
Dodge: Dodged            ||    19
